 Dungeon Crawl Stone Soup version 0.30.1-11-g7821555f0a (webtiles) character file.

Game seed: 6043923218704057961

9195 Peloso the Carver (level 11, -2/106 HPs)
             Began as a Minotaur Fighter on Dec 17, 2023.
             Was a Priest of Okawaru.
             Slain by Erica
             ... wielding a +3 scimitar of flaming
              (3 damage)
             ... on level 11 of the Dungeon.
             The game lasted 00:18:27 (10796 turns).

Peloso the Carver (Minotaur Fighter)               Turns: 10796, Time: 00:18:28

Health: -2/106     AC: 17    Str: 21    XL:     11   Next: 19%
Magic:  8/10       EV: 10    Int:  5    God:    Okawaru [***...]
Gold:   416        SH:  7    Dex: 14    Spells: 10/10 levels left

rFire   . . .        a - -1 double sword (flame)
rCold   . . .        d - +0 buckler
rNeg    . . .        c - +0 plate armour
rPois   .            (helmet restricted)
rElec   .            (no cloak)
rCorr   .            (no gloves)
SInv    .            (no boots)
Will    .....        (no amulet) Stlth
                     (no ring)
HPRegen 0.37/turn    (no ring)
MPRegen 0.12/turn

%: no passive effects
@: heroic, studying Short Blades
A: horns 2, retaliatory headbutt, mutation resistance 1, robust 1
a: Renounce Religion, Heroism


You were on level 11 of the Dungeon.
You worshipped Okawaru.
Okawaru was most pleased with you.
You visited 2 branches of the dungeon, and saw 12 of its levels.
You also visited: Sewer.

You collected 417 gold pieces.
You spent 1 gold pieces at shops.

Inventory:

Hand Weapons
 a - a -1 double sword of flaming (weapon)
 b - a +2 scimitar of flaming
Armour
 c - a +0 plate armour (worn)
 d - a +0 buckler (worn)
 x - a +1 chain mail of fire resistance
Jewellery
 i - a +6 ring of intelligence
 p - a ring of ice
 y - a +6 ring of strength
Wands
 v - a wand of mindburst (13)
 w - a wand of paralysis (19)
 A - a wand of roots (13)
 D - a wand of flame (5)
Scrolls
 g - 3 scrolls of magic mapping
 h - 6 scrolls of enchant armour
 j - 2 scrolls of amnesia
 k - 4 scrolls of poison
 l - a scroll of fear
 n - 2 scrolls of immolation
 o - 4 scrolls of silence
 q - a scroll of brand weapon
 r - 6 scrolls of teleportation
 s - 2 scrolls of acquirement
 t - 2 scrolls of fog
 E - a scroll of identify
Potions
 e - 3 potions of haste
 f - 5 potions of curing
 m - 2 potions of magic
 u - 2 potions of might
 z - a potion of brilliance
 B - 2 potions of resistance
 C - a potion of flight


   Skills:
 + Level 9.3(14.3) Fighting
 + Level 13.3(18.3) Long Blades
 + Level 11.7(16.7) Armour
 + Level 3.7(8.7) Dodging
 + Level 1.6(6.6) Stealth
 + Level 7.6(12.6) Shields


You had 10 spell levels left.
You didn't know any spells.
Your spell library contained the following spells:

 Spells                   Type           Power      Damage    Failure   Level
 Shock                    Conj/Air       0%         1d3       99%         1
 Dazzling Flash           Conj/Hex       0%         N/A       100%        3
 Portal Projectile        Hex/Tloc       0%         N/A       100%        3
 Swiftness                Air            0%         N/A       100%        3
 Volatile Blastmotes      Fire/Tloc      0%         2d10      100%        3
 Airstrike                Air            0%         2d(0-16)  100%        4
 Iskenderun's Mystic Bla  Conj/Tloc      0%         2d3       100%        4
 Leda's Liquefaction      Hex/Erth       0%         N/A       100%        4
 Starburst                Conj/Fire      0%         6d3       100%        6
 Storm Form               Tmut/Air       0%         N/A       100%        7
 Maxwell's Capacitive Co  Air            0%         ∞         100%        8
 Summon Small Mammal      Summ           Unusable   N/A       N/A         1
 Call Canine Familiar     Summ           Unusable   N/A       N/A         3
 Summon Guardian Golem    Hex/Summ       Unusable   N/A       N/A         3
 Summon Lightning Spire   Summ/Air       Unusable   N/A       N/A         4

Dungeon Overview and Level Annotations

Branches:
Dungeon (11/15)            Temple (1/1) D:7           Sewer (visited)
   Lair: D:8-11         Orc: D:9-12

Altars:
Ashenzari
Cheibriados
Dithmenos
Fedhas
Hepliaklqana
Kikubaaqudgha
Makhleb
Nemelex Xobeh
Okawaru
Ru
Sif Muna
Trog
Uskayaw
Vehumet
Xom
Yredelemnul
Zin
The Shining One

Shops:
D:3 :   D:5 !   D:6 *

Annotations:
D:3 1 runed translucent door, Crazy Yiuf
D:10 Lodul, Maurice
D:11 Erica


Innate Abilities, Weirdness & Mutations

You have a pair of horns on your head.
You reflexively headbutt those who attack you in melee.
You are somewhat resistant to further mutation.
You are robust. (+10% HP)


Message History

Erica resists with almost no effort.
The grasping roots constrict Erica.
The roots release their grip on Erica.
Aiming: Fastroot
Press: ? - help, Shift-Dir - straight line, f/p - Erica
Aim: Erica, wielding a +3 scimitar of flaming and wearing a +0 robe (heavily wounded)
The roots erupt in riotous growth!
Roots grab Erica.
The grasping roots constrict Erica.
You hear a shout! x3
Erica struggles to escape constriction.
Aiming: Mindburst
Press: ? - help, Shift-Dir - straight line, f/p - Erica
Aim: Erica, wielding a +3 scimitar of flaming and wearing a +0 robe (heavily wounded, constricted by roots, chance to affect: 29%) Erica easily resists.
The grasping roots constrict Erica.
The roots release their grip on Erica.
Aiming: Fastroot
Press: ? - help, Shift-Dir - straight line, f/p - Erica
Aim: Erica, wielding a +3 scimitar of flaming and wearing a +0 robe (heavily wounded)
The roots erupt in riotous growth!
Roots grab Erica.
The grasping roots constrict Erica.
You hear a shout!
You hear an angry buzzing noise.
You hear a shout!
Erica casts a spell.
Erica flickers and vanishes!
Deactivating autopickup; reactivate with Ctrl-A.
You gain the combat prowess of a mighty hero.
You can no longer speed up your combat.
The grasping roots constrict something.
Something tries to affect you, but you resist.
You see here a vampire mosquito corpse.
You miss something. Something hits you but does no damage.
You miss something. Your headbutt misses something. Something hits you!
* * * LOW HITPOINT WARNING * * *
Something burns you.
* * * LOW HITPOINT WARNING * * *
You slash something! You burn something. You closely miss something.
Something hits you.
* * * LOW HITPOINT WARNING * * *
Something burns you.
You die...

. . .. .. ...####
...
.......#######....
.......#......$...
.......†..........
#..{@..<...$...
#..............
#..$...........
#..............
#..............
#..............
#..............
#..............


There were no monsters in sight!

Vanquished Creatures
  2 two-headed ogres (D:9)
  Psyche (D:8)
  An efreet (D:9)
  2 trolls
  A hornet (D:9)
  A wraith (D:7)
  2 wyverns
  18 yaks
  4 vampire mosquitoes (D:11)
  A water moccasin (D:6)
  3 orc warriors
  3 ice beasts
  A black bear (D:5)
  A sky beast (D:7)
  2 ogres
  5 centaurs
  3 kobold brigands
  A bullfrog (D:7)
  A gnoll sergeant (D:7)
  3 scorpions
  3 wights (D:9)
  6 killer bees (D:9)
  2 howler monkeys (D:8)
  A gnoll bouda (D:5)
  3 orc priests
  6 hounds
  6 orc wizards
  A sleepcap (D:7)
  5 iguanas
  11 gnolls
  14 adders
  A river rat (Sewer)
  A white imp (D:6)
  An ufetubus (D:4)
  3 worms
  2 dart slugs
  32 orcs
  5 endoplasms
  2 giant cockroaches
  8 goblins
  11 hobgoblins
  21 kobolds
  A quokka (D:2)
  10 ball pythons
  9 bats
  6 frilled lizards
  12 rats
239 creatures vanquished.

Notes
Turn   | Place    | Note
-------+----------+-------------------------------------------
     0 | D:1      | Peloso the Minotaur Fighter began the quest for the Orb.
     0 | D:1      | Reached XP level 1. HP: 19/19 MP: 0/0
   113 | D:1      | Reached XP level 2. HP: 27/27 MP: 1/1
   423 | D:1      | You fall into a shaft and drop 1 floor!
   461 | D:2      | Reached XP level 3. HP: 31/33 MP: 2/2
   816 | D:2      | Reached skill level 3 in Long Blades
   834 | D:2      | Found a burning altar of Makhleb.
   955 | D:2      | Gained mutation: You are somewhat resistant to further
                  | mutation. [potion of mutation]
   955 | D:2      | Gained mutation: You are robust. (+10% HP) [potion of
                  | mutation]
  1686 | D:3      | Reached XP level 4. HP: 44/44 MP: 3/3
  1868 | D:3      | Reached skill level 4 in Long Blades
  1992 | D:3      | Found Seyt's Book Emporium.
  2047 | D:3      | Reached XP level 5. HP: 51/51 MP: 4/4
  2132 | D:3      | Found a blossoming altar of Fedhas.
  2225 | D:3      | Found a runed translucent door.
  2226 | D:3      | Noticed Crazy Yiuf
  2486 | D:4      | Reached skill level 5 in Long Blades
  2533 | D:4      | Reached skill level 1 in Dodging
  2715 | D:4      | Found a glowing silver altar of Zin.
  2733 | D:4      | Reached skill level 5 in Armour
  2733 | D:4      | Reached XP level 6. HP: 47/58 MP: 5/5
  3285 | D:5      | Entered Level 5 of the Dungeon
  3311 | D:5      | Noticed an ice beast
  3313 | D:5      | Killed an ice beast
  3314 | D:5      | Reached skill level 6 in Long Blades
  3367 | D:5      | Found a glowing drain.
  3412 | Sewer    | Entered a sewer
  3584 | Sewer    | Reached XP level 7. HP: 66/66 MP: 6/6
  3596 | Sewer    | Reached skill level 5 in Fighting
  4089 | Sewer    | Identified a scroll of acquirement
  4428 | D:5      | Reached skill level 5 in Shields
  4592 | D:5      | Found Poogg's Distillery.
  4776 | D:5      | Noticed a troll
  4787 | D:5      | HP: 3/67 [troll (10)]
  4792 | D:5      | Killed a troll
  4793 | D:5      | Reached skill level 7 in Long Blades
  4793 | D:5      | Reached XP level 8. HP: 21/77 MP: 7/7
  5423 | D:6      | Reached skill level 8 in Long Blades
  6023 | D:6      | Found a burning altar of Makhleb.
  6023 | D:6      | Noticed a balrug
  6090 | D:6      | Reached skill level 9 in Long Blades
  6090 | D:6      | Reached XP level 9. HP: 72/85 MP: 8/8
  6235 | D:6      | Found Jeeraig's Lightly-Used Armoury.
  6250 | D:6      | Bought a -3 double sword for 1 gold piece
  6461 | D:7      | Reached skill level 1 in Stealth
  6476 | D:7      | Reached skill level 10 in Long Blades
  6838 | D:7      | Found a staircase to the Ecumenical Temple.
  6846 | Temple   | Entered the Ecumenical Temple
  6881 | Temple   | Became a worshipper of Warmaster Okawaru
  7107 | D:7      | Found a hide-covered altar of Uskayaw.
  7568 | D:7      | Reached XP level 10. HP: 96/96 MP: 9/9
  7774 | D:8      | Found a hazy altar of Hepliaklqana.
  7799 | D:8      | Reached skill level 11 in Long Blades
  8014 | D:8      | Reached * piety under Okawaru
  8022 | D:8      | Reached skill level 10 in Armour
  8288 | D:8      | Noticed Psyche
  8294 | D:8      | Killed Psyche
  8404 | D:8      | Found a shimmering altar of Xom.
  8406 | D:8      | Found an ancient bone altar of Kikubaaqudgha.
  8931 | D:9      | Noticed a two-headed ogre
  8941 | D:9      | Killed a two-headed ogre
  8941 | D:9      | Reached ** piety under Okawaru
  8942 | D:9      | Reached skill level 12 in Long Blades
  9074 | D:9      | Found a radiant altar of Vehumet.
  9592 | D:9      | Found a sacrificial altar of Ru.
  9695 | D:9      | Found a shadowy altar of Dithmenos.
  9764 | D:9      | Reached *** piety under Okawaru
  9783 | D:9      | Reached skill level 13 in Long Blades
  9963 | D:9      | Reached XP level 11. HP: 34/106 MP: 10/10
 10193 | D:9      | Noticed a two-headed ogre
 10215 | D:9      | Killed a two-headed ogre
 10698 | D:10     | Entered Level 10 of the Dungeon
 10723 | D:10     | Noticed Maurice
 10729 | D:10     | Noticed Lodul
 10777 | D:11     | Noticed Erica
 10781 | D:11     | Reached **** piety under Okawaru
 10796 | D:11     | HP: 1/106 [something (6)]
 10796 | D:11     | Slain by Erica

Illustrated notes

Levels and vault maps discovered:
D:1:      dpeg_arrival_more_subterranean_lakeside_camping, layout_basic,
          serial_rivers, chequers_serial_rivers_room_a,
          chequers_serial_rivers_large_a, chequers_serial_rivers_micro_a,
          chequers_serial_rivers_micro_a, minmay_heptomino_d4
D:2:      layout_rooms, basic_altar, chequers_serial_rivers_small_3
D:3:      layout_rooms, fedhas_altar_fruit_tree, serial_shops,
          nicolae_shop_window_shopping, uniq_crazy_yiuf_cottage
D:4:      layout_loops_ring, nicolae_overflow_crystal_walls
D:5:      layout_basic, serial_shops, nicolae_shop_tiny_real_fake_doors,
          gup_sewer_entry_glass, minmay_manual_mandibuliform
D:6:      layout_rooms, makhleb_altar_promises_db, minmay_shop_damaged
D:7:      layout_loops_corners, eat_drink_and_be_merry_uskayaw,
          minmay_temple_entry_overgrown, st_stairs_12
D:8:      layout_basic, nicolae_overflow_hidden_temple, minivault_25,
          nrook_loot_triangle, uniq_psyche
D:9:      layout_basic, vehumet_altar_wand_db, mainiacjoe_overflow_swirl
D:10:     layout_rooms, grunt_lair_entry_orc_guard_hut, david_orc_5,
          nicolae_elevator_lobby_asterisk, uniq_lodul, uniq_maurice, uniq_urug
D:11:     layout_basic, uniq_erica
Temple:   nicolae_temple_godzebo

Skill      XL: |  1  2  3  4  5  6  7  8  9 10 |
---------------+-------------------------------+-----
Fighting       | 4 5 6 8 9 |  9.3
Shields        | 4 5 6 7 |  7.6
Armour         | 4 5 7 8 9 11 | 11.7
Long Blades    | 3 4 5 6 7 9 10 13 | 13.3
Dodging        | 1 2 3 |  3.7
Stealth        | 1 |  1.6

Action                     |  1- 3 |  4- 6 |  7- 9 | 10-12 || total
---------------------------+-------+-------+-------+-------++-------
  Melee: Long sword        |    83 |   195 |   249 |       ||   527
         Headbutt          |    10 |    33 |    67 |    41 ||   151
         Double sword      |       |       |    65 |   189 ||   254
 Invoke: Heroism           |       |       |       |     3 ||     3
  Evoke: Wand              |       |       |       |     9 ||     9
    Use: Potion            |     8 |     1 |     4 |       ||    13
         Scroll            |     1 |     5 |    12 |     3 ||    21
 Armour: Scale mail        |    42 |   111 |    71 |       ||   224
         Plate armour      |       |       |    43 |    97 ||   140
         Skin              |       |       |       |     1 ||     1
  Dodge: Dodged            |    44 |    71 |   111 |    70 ||   296
  Block: Buckler           |    18 |    46 |    73 |    63 ||   200
